 Dungeon Crawl Stone Soup version 0.20-a0-33-g996f6e0 (webtiles) character file.

101 Nvm9 the Covered (level 4, -5/35 HPs)
             Began as a Demonspawn Fighter on Nov 9, 2016.
             Killed by divine providence
             ... invoked by an orc priest
              (15 damage)
             ... on level 3 of the Dungeon.
             The game lasted 00:02:26 (2158 turns).

Nvm9 the Covered (Demonspawn Fighter)               Turns: 2158, Time: 00:02:28

Health: -5/35      AC: 15    Str: 17    XL:     4   Next: 48%
Magic:  4/4        EV:  7    Int:  9    God:
Gold:   135        SH:  9    Dex: 13    Spells: 0 memorised, 3 levels left

rFire  x . .     SeeInvis .     a - +1 war axe
rCold  + . .     Gourm    .     b - +0 scale mail
rNeg   . . .     Faith    .     c - +0 shield
rPois  .         Spirit   .     l - +1 helmet
rElec  .         Reflect  .     (no cloak)
rCorr  .         Harm     .     (no gloves)
MR     .....                    (no boots)
Stlth  ..........               (no amulet)
                                (no ring)
                                m - ring of ice

@: sanguine armour
A: spiny 1, sanguine armour 1
a: no special abilities


You were on level 3 of the Dungeon.
You were not hungry.

You visited 1 branch of the dungeon, and saw 3 of its levels.

You collected 135 gold pieces.

Inventory:

Hand Weapons
 a - a +1 war axe (weapon)
Armour
 b - a +0 scale mail (worn)
 c - a +0 shield (worn)
 l - a +1 helmet (worn)
Jewellery
 m - a ring of ice (left hand)
 p - an uncursed amulet of guardian spirit {unknown}
Scrolls
 j - a scroll of fear
Potions
 d - a potion of might
 e - 3 potions of heal wounds
 i - a potion of curing
 k - a potion of magic
 q - a potion of agility {unknown}
Comestibles
 f - 2 bread rations
 g - a slice of pizza
 h - 3 meat rations
 n - a royal jelly
 o - a chunk of flesh


   Skills:
 + Level 3.4 Fighting
 + Level 2.4 Axes
 * Level 3.7 Armour
 + Level 3.2 Shields


You had 3 spell levels left.
You didn't know any spells.

Dungeon Overview and Level Annotations

Branches:
Dungeon (3/15)

Altars:


Innate Abilities, Weirdness & Mutations

You are partially covered in sharp spines.
When seriously injured, your bleeding wounds create armour. (AC +6)


Message History

You are too injured to fight recklessly!
You are too injured to fight recklessly!
You are too injured to fight recklessly!
You are too injured to fight recklessly!
You are too injured to fight recklessly!
You are too injured to fight recklessly!
You are too injured to fight recklessly!
You are too injured to fight recklessly!
You are too injured to fight recklessly!
You closely miss the orc priest.
The orc priest is severely wounded.
The orc priest is struck by your spines.
The orc priest barely misses you.
You hit the orc priest.
The orc priest is almost dead.
You closely miss the giant cockroach. You block the orc priest's attack.
The giant cockroach barely misses you. x2
The orc priest invokes the aid of Beogh against you.
Beogh smites you!
You die...

..... .... ...##
.... ..# #.#
#.##########
+..s@o......
#.########## ####
#.##### ...# #.....#
#### #.###.## #
######...#
###########..#.....#
..........#..#.....#
####†######.....#..#


You could see an orc priest and a giant cockroach.

Vanquished Creatures
  Robin (D:2)
  3 adders
  An ooze (D:1)
  3 worms
  A dart slug (D:1)
  2 orcs (D:3)
  2 ball pythons (D:2)
  3 giant cockroaches
  7 goblins
  6 hobgoblins
  4 kobolds
  A quokka (D:2)
  8 bats
  3 frilled lizards
  2 rats (D:1)
47 creatures vanquished.

Notes
Turn   | Place    | Note
-------+----------+-------------------------------------------
     0 | D:1      | Nvm9 the Demonspawn Fighter began the quest for the Orb.
     0 | D:1      | Reached XP level 1. HP: 18/18 MP: 1/1
   346 | D:1      | Gained mutation: When seriously injured, your bleeding wounds create armour. (AC +6) [demonic ancestry]
   346 | D:1      | Reached XP level 2. HP: 24/24 MP: 2/2
  1176 | D:2      | Gained mutation: You are partially covered in sharp spines. [demonic ancestry]
  1176 | D:2      | Reached XP level 3. HP: 29/29 MP: 3/3
  1510 | D:2      | Noticed Robin
  1520 | D:2      | Killed Robin
  1641 | D:2      | Reached XP level 4. HP: 35/35 MP: 4/4
  2158 | D:3      | Killed from afar by an orc priest

Vault maps used:
D:1:      zelgadis_glass_arrival_small, hangedman_abyss_or_decor_stabs,
          minmay_misc_feat_roman
D:2:      first_bread, uniq_robin
D:3:      ecumenical_altar_1, hangedman_decor_push, minmay_ogre_servants

Skill      XL: |  1  2  3 |
---------------+----------+-----
Axes           | 2 |  2.4
Armour         | 3 |  3.7
Shields        | 3 |  3.2
Fighting       | |  3.4

Action                   |  1- 3 |  4- 6 || total
-------------------------+-------+-------++-------
Melee: War axe           |    94 |    26 ||   120
  Use: Scroll            |     2 |       ||     2
       Potion            |     4 |       ||     4
  Eat: Chunk             |     2 |     2 ||     4
Armor: Scale mail        |    54 |     7 ||    61
Dodge: Dodged            |    16 |     8 ||    24
Block: Shield            |    56 |    12 ||    68
